 Dungeon Crawl Stone Soup version 0.18-a0-1805-g8ab820f (webtiles) character file.

44 Zhenya25pyc the Covered (level 3, -4/23 HPs)
             Began as a Gargoyle Fighter on Apr 26, 2016.
             Slain by Terence
             ... wielding a +0 trident
              (5 damage)
             ... on level 2 of the Dungeon.
             The game lasted 00:02:16 (1234 turns).

Zhenya25pyc the Covered (Gargoyle Fighter)          Turns: 1234, Time: 00:02:16

Health: -4/23      AC: 10    Str: 20    XL:     3   Next: 62%
Magic:  3/3        EV:  7    Int:  8    God:
Gold:   40         SH:  9    Dex:  9    Spells: 0 memorised, 2 levels left

rFire  . . .     SeeInvis .     a - +0 flail
rCold  . . .     Gourm    .     b - +0 scale mail
rNeg   + . .     Faith    .     c - +0 shield
rPois  ∞         Spirit   .     (no helmet)
rElec  +         Dismiss  .     (no cloak)
rCorr  .         Reflect  .     (no gloves)
SustAt .         Harm     .     (no boots)
MR     .....                    p - amulet of inaccuracy (curse)
Stlth  ..........               (no ring)
                                (no ring)

@: not resistant to hostile enchantments, extremely unstealthy
A: negative energy resistance 1, electricity resistance, unbreathing,
petrification resistance, rot immunity, AC +3
a: no special abilities


You were on level 2 of the Dungeon.
You were hungry.

You visited 1 branch of the dungeon, and saw 2 of its levels.

You collected 40 gold pieces.

Inventory:

Hand Weapons
 a - a +0 flail (weapon)
Armour
 b - a +0 scale mail (worn)
 c - a +0 shield (worn)
Jewellery
 p - a cursed amulet of inaccuracy (around neck)
Scrolls
 i - 4 scrolls of identify {unknown}
 j - 2 scrolls of recharging {unknown}
 k - a scroll of blinking {unknown}
 m - a scroll of fear {unknown}
 n - a scroll of enchant armour {unknown}
 o - a scroll of random uselessness {unknown}
 q - a scroll of teleportation {unknown}
Potions
 d - 4 potions of might
 e - 2 potions of mutation {unknown}
 h - 2 potions of heal wounds {unknown}
 l - a potion of brilliance {unknown}
Comestibles
 f - 2 bread rations
 g - 6 fruits


   Skills:
 + Level 3.4 Fighting
 * Level 2.8 Maces & Flails
 + Level 4.1 Armour
 + Level 3.5 Shields


You had 2 spell levels left.
You didn't know any spells.

Dungeon Overview and Level Annotations

Branches:
Dungeon (2/15)

Altars:

Annotations:
D:2 Terence


Innate Abilities, Weirdness & Mutations

You are resistant to torment.
Your stone body is resilient (AC +3).
You are immune to poison.
You resist negative energy.
You are resistant to electric shocks.
You can survive without breathing.
You are immune to petrification.
You are immune to rotting.


Message History

You hit Terence but do no damage.
Terence is heavily wounded.
Terence hits you with a trident!
* * * LOW HITPOINT WARNING * * *
You are too injured to fight recklessly!
You are too injured to fight recklessly!
You are too injured to fight recklessly!
You are too injured to fight recklessly!
You are too injured to fight recklessly!
You are too injured to fight recklessly!
Unknown command.
You are too injured to fight recklessly!
You are too injured to fight recklessly!
You closely miss Terence.
Terence is heavily wounded.
Terence closely misses you. You block Terence's attack.
You hit Terence.
Terence is severely wounded.
Terence hits you with a trident.
You die...

#.##.# #. #.##.#### #
#((....## #. ####.#.##
##.# #.#.## #...# #.#.##
#....# ##...).
##.....###########..###.
+.....@@............# #.
####...###########..###.
##.. #...... #.# #.#####
.# #.# .# #.# .# #.# ##
#.# #.#


You could see Terence.

Vanquished Creatures
  An adder (D:2)
  A dart slug (D:2)
  A giant gecko (D:2)
  4 bats
  A giant cockroach (D:2)
  7 goblins
  3 hobgoblins
  4 kobolds
  3 giant newts (D:1)
  6 rats
31 creatures vanquished.

Notes
Turn   | Place    | Note
--------------------------------------------------------------
     0 | D:1      | Zhenya25pyc the Gargoyle Fighter began the quest for the Orb.
     0 | D:1      | Reached XP level 1. HP: 14/14 MP: 1/1
   143 | D:1      | Reached XP level 2. HP: 19/19 MP: 2/2
   559 | D:2      | Reached skill level 4 in Armour
   559 | D:2      | Reached XP level 3. HP: 4/23 MP: 3/3
  1219 | D:2      | Noticed Terence
  1232 | D:2      | HP: 1/23 [Terence/trident (7)]
  1234 | D:2      | Slain by Terence

Vault maps used:
D:1:      nicolae_arrival_washed_ashore
D:2:      grunt_temple_overflow_gold_and_silver,
          gammafunk_temple_overflow_statue, lemuel_crystal_altar,
          ecumenical_altar_1, first_bread, uniq_terence

Skill      XL: |  1  2 |
---------------+-------+-----
Armour         | 4 |  4.1
Fighting       | |  3.4
Maces & Flails | |  2.8
Shields        | |  3.5

Action                   || total
-------------------------++-------
Melee: Flail             ||   182
  Eat: Chunk             ||     1
Armor: Scale mail        ||   153
Dodge: Dodged            ||    97
Block: Shield            ||   131
